 Dungeon Sprint DCSS version 0.31-a0-75-g6fe912e8c5 (webtiles) character file.

Game seed: 16002754052078556367

147 sircluck the Destroyer (level 4, -4/33 HPs)
             Began as a Demigod Conjurer on May 23, 2023.
             Slain by a yak (16 damage)
             ... in the Dungeon (Sprint V: "Ziggurat Sprint").
             The game lasted 00:02:02 (127 turns).

sircluck the Destroyer (Demigod Conjurer)            Turns: 127, Time: 00:02:03

Health: -4/33      AC:  2    Str:  8    XL:     4   Next: 80%
Magic:  1/11       EV: 12    Int: 24    God:
Gold:   0          SH:  0    Dex: 12    Spells: 8/9 levels left

rFire   . . .        (no weapon)
rCold   . . .        (no shield)
rNeg    . . .        a - +0 robe
rPois   .            (no helmet)
rElec   .            (no cloak)
rCorr   .            (no gloves)
SInv    .            (no boots)
Will    .....        (no amulet)
Stlth   ++           (no ring)
HPRegen 0.25/turn    (no ring)
MPRegen 0.12/turn

%: no teleportation
@: no status effects
A: high MP 1, forlorn, divine attributes
a: no special abilities


You were in the Dungeon.
You visited 1 branch

Inventory:

Hand Weapons
 C - the +6 Majin-Bo {spellvamp, MP+6 Int+6}
   (You found it in the Dungeon)

   Int:       It affects your intelligence (+6).
   MP:        It affects your magic capacity (+6).
Armour
 a - a +0 robe (worn)
 h - an orb of mayhem
Jewellery
 u - a ring of flight
 v - a +6 ring of dexterity
 w - a +6 ring of dexterity
 x - a +6 ring of intelligence
 y - a +6 ring of intelligence
 z - a +6 ring of strength
 A - a +6 ring of strength
Wands
 r - a wand of mindburst (6)
 s - a wand of iceblast (5)
 t - a wand of light (7)
 B - a wand of digging (6)
Scrolls
 g - 2 scrolls of blinking
 n - 4 scrolls of amnesia
 o - 7 scrolls of fog
 p - 5 scrolls of identify
 q - 2 scrolls of fear
Potions
 b - 8 potions of magic
 c - 10 potions of curing
 d - 9 potions of heal wounds
 e - 6 potions of haste
 f - 3 potions of berserk rage
 i - 2 potions of brilliance
 j - 2 potions of invisibility
 k - 4 potions of resistance
 l - a potion of experience
 m - 5 potions of might


   Skills:
 + Level 0.1 Fighting
 + Level 3.2 Dodging
 + Level 2.9 Stealth
 + Level 3.2 Spellcasting
 + Level 8.8 Conjurations
 + Level 0.8 Evocations


You had 8 spell levels left.
You knew the following spells:

 Your Spells              Type           Power      Damage    Failure   Level
a - Magic Dart            Conj           100%       1d8       1%          1

Your spell library contained the following spells:

 Spells                   Type           Power      Damage    Failure   Level
 Foxfire                  Conj/Fire      92%        2x1d8     1%          1
 Searing Ray              Conj           92%        2d7       1%          2
 Dazzling Flash           Conj/Hex       46%        N/A       6%          3
 Fulminant Prism          Conj/Hex       11%        3d9       21%         4
 Iskenderun's Mystic Bla  Conj/Tloc      23%        2d6       21%         4
 Fireball                 Conj/Fire      11%        3d7       50%         5
 Starburst                Conj/Fire      11%        6d5       97%         6
 Plasma Beam              Fire/Air       0%         2x1d11    100%        6


Dungeon Overview and Level Annotations

Branches:
Dungeon (1/1)

Annotations:
D 1 transporter


Innate Abilities, Weirdness & Mutations

You have an increased reservoir of magic. (+10% MP)
You shall have no god before yourself.
Your divine heritage dramatically boosts your attributes as you level up.


Message History

The magic dart hits the yak.
The yak is almost dead.
Casting: Magic Dart (safe; 1% risk of failure)
Confirm with . or Enter, or press ? or * to list all spells.
Aiming: Magic Dart (safe; 1% risk of failure)
Press: ? - help, Shift-Dir - straight line, f/p - yak
Aim: a yak (almost dead, 100% to hit)
The magic dart hits the yak.
The yak is almost dead.
The bullfrog hits you.
* * * LOW HITPOINT WARNING * * *
Blink to where?
Press: ? - help, Q - select action, (/) - cycle Dir - move target, p - yak
As you read the scroll of blinking, it crumbles to dust.
You feel much better.
Casting: Magic Dart (safe; 1% risk of failure)
Confirm with . or Enter, or press ? or * to list all spells.
Aiming: Magic Dart (safe; 1% risk of failure)
Press: ? - help, Shift-Dir - straight line, f - bullfrog
Aim: a bullfrog (severely wounded, 100% to hit)
The magic dart hits the bullfrog!
You kill the bullfrog!
Your Dodging skill increases to level 3!
Your Spellcasting skill increases to level 3!
Your Conjurations skill increases to level 8!
Unknown command.
Casting: Magic Dart (safe; 1% risk of failure)
Confirm with . or Enter, or press ? or * to list all spells.
You don't have enough magic to cast this spell.
Unknown command.
Casting: Magic Dart (safe; 1% risk of failure)
Confirm with . or Enter, or press ? or * to list all spells.
You don't have enough magic to cast this spell.
You barely miss the yak.
The yak is almost dead.
The yak gores you!
You hit the yak but do no damage.
The yak is almost dead.
The yak gores you!
You die...

▓▓▓▓▓▓▓▓▓▓▓▓▓
▓.8©8.▓.8©8.▓
▓.|}).▓.....▓
▓.....▓.)...▓
▓.....▓.....▓
▓..†..▓.†...▓
▓...Y.▓..©..▓
▓..©@.▓▓▓▓▓▓▓
▓▓▓▓▓▓▓


You could see a yak.

Vanquished Creatures
  A wolf (D)
  A bullfrog (D)
  2 ball pythons (D)
4 creatures vanquished.

Notes
Turn   | Place    | Note
-------+----------+-------------------------------------------
     0 | D        | sircluck the Demigod Conjurer began the quest for the Orb.
     0 | D        | Reached XP level 1. HP: 14/14 MP: 5/5
     0 | D        | Found the +6 Majin-Bo {spellvamp, MP+6 Int+6}
     0 | D        | Found the +27 heavy crossbow "Sniper" {heavy, Acc+∞ SInv}
     0 | D        | Found the +10 dark maul {heavy}
     0 | D        | Found the +15 Maxwell's patent armour {-Cast -Tele rElec
                  | Will+ rCorr}
     0 | D        | Found the +18 shield of the Gong {Loud rN+ Will+ rCorr
                  | EV-5}
     0 | D        | Found the +16 obsidian axe {drain, demonic, Mesm Drain Fly
                  | SInv}
     0 | D        | Found the +7 great mace "Firestarter" {flame, immolate,
                  | rFlCloud rF++}
     0 | D        | Found the +6 shillelagh "Devastator" {shatter}
     0 | D        | Found the +11 plutonium sword {Contam Stlth-}
     0 | D        | Found the +8 lance "Wyrmbane" {slay drac, rPois rF+ rC+
                  | AC+3}
     0 | D        | Found the +9 sword of Zonguldrok {reap}
     0 | D        | Found the +13 scythe of Curses {drain, curses, Drain}
     0 | D        | Found the +9 sword of Power {lifebolt}
     0 | D        | Found the +7 mace of Variability {chaos, chaos arc}
     0 | D        | Found the +11 Singing Sword {sonic wave}
     0 | D        | Found the +8 storm bow {elec, penet}
    12 | D        | Found a transporter.
    67 | D        | Entered arena 2.
    67 | D        | Found a transporter.
    71 | D        | Reached skill level 4 in Conjurations
   109 | D        | Entered arena 3.
   109 | D        | Noticed a wolf
   109 | D        | Noticed a bullfrog
   109 | D        | Noticed a yak
   109 | D        | Found a transporter.
   112 | D        | Killed a wolf
   113 | D        | Reached skill level 7 in Conjurations
   113 | D        | Reached XP level 2. HP: 18/20 MP: 5/8
   113 | D        | Reached XP level 3. HP: 23/26 MP: 5/9
   113 | D        | Reached XP level 4. HP: 30/33 MP: 5/10
   121 | D        | HP: 1/33 [bullfrog (2)]
   124 | D        | Killed a bullfrog
   125 | D        | Reached skill level 8 in Conjurations
   127 | D        | Slain by a yak

Illustrated notes

Levels and vault maps discovered:
D:        sprint_v [room_start, room_1, room_2, room_3, room_4, room_5, room_6,
          room_7, room_8, room_9, room_10, room_11, room_12, room_13, room_14,
          room_15, room_16, room_17, room_18, room_19, room_20, room_21,
          room_22, room_23, room_24, room_25, room_26, room_27]

Skill      XL: |  1  2  3  4 |
---------------+-------------+-----
Conjurations   | 7 8 |  8.8
Dodging        | 2 3 |  3.2
Stealth        | 2 |  2.9
Spellcasting   | 2 3 |  3.2
Fighting       | |  0.1
Evocations     | |  0.8

Action                     |  1- 3 |  4- 6 || total
---------------------------+-------+-------++-------
  Melee: Unarmed           |       |     3 ||     3
   Cast: Magic Dart        |     4 |     6 ||    10
  Evoke: Wand              |     2 |     1 ||     3
    Use: Scroll            |       |     2 ||     2
         Potion            |       |     1 ||     1
  Dodge: Dodged            |     5 |     6 ||    11

Table legend: (Time is in decaauts)
 A = Elapsed time spent in this place.
 B = Non-inter-level travel time spent in this place.
 C = Inter-level travel time spent in this place.
 D = Time resting spent in this place.
 E = Time spent auto-exploring this place.
 F = Levels seen in this place.
 G = Mean time per level.
                   A        B        C        D        E       F      G
               +--------+--------+--------+--------+--------+-----+--------+
         Total |    127 |    127 |      0 |      0 |     34 |   1 |  127.0 |
       Dungeon |    127 |    127 |      0 |      0 |     34 |   1 |  127.0 |
               +--------+--------+--------+--------+--------+-----+--------+

Top non-repeatable levels by time:
       D: 127 daAuts
